 Dungeon Sprint DCSS version 0.19.4-8-ga85b6b9 (webtiles) character file.

13000000 doot the Archmage (level 27, -7/149 HPs)
             Began as a Felid Wizard on Feb 14, 2017.
             Was the Champion of Makhleb.
             Killed by divine providence
             ... invoked by an accursed
              (15 damage)
             ... in the Dungeon (Sprint VIII: "Arena of Blood").
             The game lasted 00:10:01 (130 turns).

doot the Archmage (Felid Wizard)                     Turns: 130, Time: 00:10:01

Health: -7/149     AC:  3    Str:  3    XL:     27
Magic:  55/55      EV: 44    Int: 21    God:    Makhleb [******]
Gold:   0          SH:  0    Dex: 26    Spells: 1 memorised, 79 levels left
                                        Lives:  0   Deaths: 5

rFire  . . .     SeeInvis +       - Unarmed
rCold  + . .     Gourm    .     (armour unavailable)
rNeg   . . .     Faith    .     (shield unavailable)
rPois  .         Spirit   .     (helmet unavailable)
rElec  .         Reflect  .     (cloak unavailable)
rCorr  .         Harm     .     (gloves unavailable)
MR     ++++.     NoTele   +     (boots unavailable)
Stlth  ++++++++++               (no amulet)
                                j - +30 ring of slaying
                                i - +27000 ring of slaying

@: quick
A: no armour, no weapons or thrown items, stealth, claws 1, fangs 3, see
invisible, carnivore 3, speed 1, shaggy fur 3, slow metabolism 1, sharp paws
a: Minor Destruction, Lesser Servant of Makhleb, Major Destruction, Greater
Servant of Makhleb, Renounce Religion


You were in the Dungeon.
You worshipped Makhleb.
Makhleb was exalted by your worship.
You were not hungry.

You visited 1 branch

Inventory:

Jewellery
 i - a +27000 ring of slaying (left paw)
 j - a +30 ring of slaying (right paw)
Scrolls
 h - a scroll of blinking
Potions
 c - a potion of curing
 e - a potion of haste
 f - 2 potions of magic
Books
 a - a book of Minor Magic

   Spells                             Type                      Level
   a - Magic Dart                     Conjuration                  1
   b - Blink                          Translocation                2
   c - Call Imp                       Summoning                    2
   d - Repel Missiles                 Charms/Air                   2
   e - Slow                           Hexes                        2
   f - Conjure Flame                  Conjuration/Fire             3
   g - Mephitic Cloud                 Conjuration/Poison/Air       3
Comestibles
 b - a meat ration


   Skills:
 O Level 27 Fighting
 O Level 27 Dodging
 O Level 27 Stealth
 O Level 27 Unarmed Combat
 O Level 27 Spellcasting
 O Level 27 Conjurations
   Level 1.0 Summonings
   Level 1.5 Translocations
 O Level 27 Invocations


You had 79 spell levels left.
You knew the following spells:

 Your Spells              Type           Power        Failure   Level  Hunger
a - Magic Dart            Conj           ####         0%          1    None


Dungeon Overview and Level Annotations

Branches:
Dungeon (1/1)

Altars:
Makhleb

Annotations:
D The Servant


Innate Abilities, Weirdness & Mutations

You cannot wear armour.
You are incapable of wielding weapons or throwing items.
Your paws allow you to move quietly. (Stealth)
You have sharp claws.
You have razor-sharp teeth.
You have supernaturally acute eyesight. (SInv)
You are carnivorous and can eat meat at any time.
You cover ground quickly.
Your thick and shaggy fur keeps you warm. (AC +3, rC+)
You have a slow metabolism.
Your sharp claws are effective at attacking unaware monsters.


Message History

The bag of meat convulses! x2; The eight-headed meat hydra convulses!
The large bag of meat convulses!
The bag of meat convulses! x3
The meat berserker convulses!
The bag of meat convulses!
The large bag of meat convulses!
The bag of meat convulses!
Your body is wracked with pain!
The bag of meat convulses! x6
The meat berserker convulses!
The scourge convulses!
The bag of meat convulses!
The small abomination completely misses you.
You hear a shout!
The bag of meat hits you with a +9 war axe!!!
* * * LOW HITPOINT WARNING * * *
A bag of meat comes into view. It is wielding a +9 war axe.
The bag of meat shouts!
You eviscerate the small abomination!!!!!!!!!!!
You destroy the small abomination!
Makhleb accepts your kill.
You hear a shout!
The bag of meat misses you. The accursed casts a spell at you.
Something smites you!
You die...

.## #### ....### o...
.......#### #....
........).#### ......
.....D.X)))..# #..MOS
.#...XM.VX...#
.....o####.ooD..GL..#
.....M).ooCo.X..D...#
......D@oCWOo#..XMW.#
.......ooozM...X....# ..
.........MOoooX.#......#
#.
...#..xo.oWxS.........#
#.. ...#.....S.....##.
###.. ...###............
.....###........C...G###.
.....W_.....%...@.......
#.....#M......#.#....


You could see 5 accurseds, The Servant, 3 eight-headed meat hydras, an observer
(invisible), 3 scourges, a sculptor of flesh, 3 large bags of meat, 4 large
abominations, a wretched soul (invisible), a dread, 3 meat berserkers, 2 small
abominations and 17 bags of meat.

Vanquished Creatures
  2 hell beasts (D)
  A greater mummy (D)
  A great orb of eyes (D)
  A wraith (D)
  10 vampire knights (D)
  26 ogres (D)
  A lich (D)
  2 hydras (D)
  31 orcs (D)
  2 phantoms (D)
  3 hill giants (D)
  5 skeletal warriors (D)
  A sea snake (D)
  2 large abominations (D)
  3 small abominations (D)
91 creatures vanquished.

Vanquished Creatures (others)
  4 crawling corpses (D)
4 creatures vanquished.

Grand Total: 95 creatures vanquished

Notes
Turn   | Place    | Note
-------+----------+-------------------------------------------
     0 | D        | doot the Felid Wizard began the quest for the Orb.
     0 | D        | Reached XP level 1. HP: 7/7 MP: 5/5
     4 | D        | Noticed a bag of meat
     4 | D        | Became a worshipper of Makhleb the Destroyer
     5 | D        | Noticed a bag of meat
    10 | D        | Killed a bag of meat
    10 | D        | Reached XP level 2. HP: 11/11 MP: 5/25
    10 | D        | Reached XP level 3. HP: 14/14 MP: 5/27
    10 | D        | Reached XP level 4. HP: 18/18 MP: 5/28
    10 | D        | Reached XP level 5. HP: 21/21 MP: 5/30
    10 | D        | Gained mutation: You are covered in thick fur. (AC +2) [Felid growth]
    10 | D        | Reached XP level 6. HP: 24/24 MP: 5/31
    10 | D        | Reached XP level 7. HP: 27/27 MP: 5/33
    10 | D        | Reached XP level 8. HP: 31/31 MP: 5/34
    10 | D        | Reached XP level 9. HP: 34/34 MP: 5/35
    10 | D        | Reached XP level 10. HP: 37/37 MP: 5/36
    10 | D        | Reached XP level 11. HP: 40/40 MP: 5/37
    11 | D        | Noticed a meat berserker
    11 | D        | Noticed a meat berserker
    11 | D        | Noticed a meat berserker
    11 | D        | Noticed a bag of meat
    11 | D        | Noticed a bag of meat
    13 | D        | Noticed a bag of meat
    13 | D        | Noticed a bag of meat
    13 | D        | Noticed a bag of meat
    13 | D        | Noticed a bag of meat
    13 | D        | Killed a bag of meat
    13 | D        | Reached * piety under Makhleb
    13 | D        | Gained mutation: Your thick and shaggy fur keeps you warm. (AC +3, rC+) [Felid growth]
    13 | D        | Reached XP level 12. HP: 44/44 MP: 5/41
    14 | D        | Killed a meat berserker
    14 | D        | Reached skill level 27 in Spellcasting
    14 | D        | Reached XP level 13. HP: 47/47 MP: 5/45
    14 | D        | Reached XP level 14. HP: 51/51 MP: 5/46
    15 | D        | Killed a meat berserker
    15 | D        | Reached skill level 10 in Unarmed Combat
    15 | D        | Reached XP level 15. HP: 54/54 MP: 6/47
    16 | D        | Killed a meat berserker
    16 | D        | Reached ** piety under Makhleb
    16 | D        | Reached skill level 27 in Dodging
    16 | D        | Reached skill level 27 in Stealth
    17 | D        | Noticed a meat berserker
    17 | D        | Reached skill level 5 in Fighting
    17 | D        | Reached XP level 16. HP: 65/65 MP: 6/48
    20 | D        | Reached *** piety under Makhleb
    20 | D        | Reached skill level 10 in Conjurations
    21 | D        | Reached skill level 10 in Fighting
    21 | D        | Reached XP level 17. HP: 76/76 MP: 7/49
    22 | D        | Killed a meat berserker
    22 | D        | Reached skill level 27 in Unarmed Combat
    22 | D        | Reached skill level 15 in Conjurations
    24 | D        | Noticed a destroyer
    24 | D        | Reached **** piety under Makhleb
    24 | D        | Reached XP level 18. HP: 98/98 MP: 8/50
    31 | D        | Noticed a meat berserker
    31 | D        | Killed a destroyer
    32 | D        | Reached ***** piety under Makhleb
    32 | D        | Reached skill level 27 in Fighting
    32 | D        | Reached XP level 19. HP: 113/113 MP: 9/51
    34 | D        | Noticed a destroyer
    34 | D        | Noticed a meat berserker
    34 | D        | Killed a meat berserker
    34 | D        | Reached skill level 27 in Conjurations
    36 | D        | Noticed a destroyer
    37 | D        | Noticed an eight-headed meat hydra
    38 | D        | Noticed a meat berserker
    38 | D        | Noticed a destroyer
    38 | D        | Killed an eight-headed meat hydra
    38 | D        | Reached XP level 20. HP: 118/118 MP: 11/52
    39 | D        | Noticed a meat berserker
    39 | D        | Noticed a destroyer
    39 | D        | Noticed a destroyer
    40 | D        | Killed a meat berserker
    40 | D        | Reached skill level 27 in Invocations
    41 | D        | Killed a destroyer
    42 | D        | Killed a meat berserker
    42 | D        | Reached XP level 21. HP: 122/122 MP: 12/53
    43 | D        | Noticed a destroyer
    45 | D        | Killed a destroyer
    45 | D        | Reached ****** piety under Makhleb
    45 | D        | Annihilated by a destroyer
    46 | D        | Reached XP level 20. HP: -44/118 MP: 13/52
    46 | D        | Noticed a meat berserker
    46 | D        | Noticed a meat berserker
    46 | D        | Noticed a destroyer
    46 | D        | Noticed a destroyer
    46 | D        | Noticed a meat berserker
    46 | D        | Noticed a meat berserker
    47 | D        | Noticed a destroyer
    48 | D        | Noticed a tyrant
    49 | D        | Noticed a tyrant
    49 | D        | Noticed a meat berserker
    49 | D        | Noticed a meat berserker
    49 | D        | Noticed a destroyer
    49 | D        | Noticed The Servant
    51 | D        | Noticed a meat berserker
    51 | D        | Killed a destroyer
    51 | D        | Reached XP level 21. HP: 122/122 MP: 53/53
    55 | D        | Reached XP level 22. HP: 94/127 MP: 54/54
    58 | D        | Reached XP level 23. HP: 131/131 MP: 55/55
    60 | D        | Killed a destroyer
    61 | D        | Killed a destroyer
    62 | D        | Reached XP level 24. HP: 136/136 MP: 55/55
    62 | D        | Noticed a destroyer
    68 | D        | Reached XP level 25. HP: 115/140 MP: 55/55
    68 | D        | Annihilated by The Servant
    69 | D        | Reached XP level 24. HP: -38/136 MP: 55/55
    69 | D        | Noticed a destroyer
    69 | D        | Noticed a dread
    69 | D        | Killed a dread
    72 | D        | Killed a destroyer
    73 | D        | Killed a destroyer
    73 | D        | Reached XP level 25. HP: 140/140 MP: 55/55
    74 | D        | Killed a destroyer
    76 | D        | Noticed a dread
    79 | D        | Killed a tyrant
    80 | D        | Reached XP level 26. HP: 145/145 MP: 55/55
    82 | D        | Killed a destroyer
    83 | D        | Noticed a meat beast
    85 | D        | Demolished by a bag of meat
    86 | D        | Reached XP level 25. HP: -17/140 MP: 55/55
    86 | D        | Noticed an accursed
    86 | D        | Noticed a destroyer
    86 | D        | Noticed a dread
    89 | D        | Noticed a meat beast
    89 | D        | Noticed a meat beast
    92 | D        | Reached XP level 26. HP: 145/145 MP: 55/55
    94 | D        | Noticed an accursed
    94 | D        | Killed a meat beast
    94 | D        | Reached XP level 27. HP: 149/149 MP: 55/55
    96 | D        | Killed a meat beast
   100 | D        | Noticed an accursed
   101 | D        | Killed from afar by an accursed
   102 | D        | Noticed an accursed
   102 | D        | Noticed a tyrant
   106 | D        | HP: 8/223 [observer/divine providence (10)]
   115 | D        | Noticed a dread
   122 | D        | HP: 11/223 [large abomination[a tyrant] (21)]
   122 | D        | Annihilated by a bag of meat
   123 | D        | Reached XP level 26. HP: -31/217 MP: 55/55
   123 | D        | Noticed an accursed
   123 | D        | Noticed an accursed
   123 | D        | Noticed an accursed
   123 | D        | Killed an accursed
   123 | D        | Reached XP level 27. HP: 132/149 MP: 55/55
   129 | D        | HP: 7/149 [bag of meat/+9 war axe (42)]
   130 | D        | Killed from afar by an accursed

Skill      XL: |  1  2  3  4  5  6  7  8  9 10 11 12 13 14 15 16 17 18 19 20 |
---------------+-------------------------------------------------------------+-----
Dodging        | 14 16 20 25 27 | 27.0
Stealth        | 12 14 18 23 27 | 27.0
Unarmed Combat | 2 3 6 10 19 26 27 | 27.0
Spellcasting   | 21 24 27 | 27.0
Conjurations   | 3 8 11 19 25 27 | 27.0
Fighting       | 5 10 20 27 | 27.0
Invocations    | 22 27 | 27.0
Summonings     | |  1.0
Translocations | |  1.5

Action                   |  1- 3 |  4- 6 |  7- 9 | 10-12 | 13-15 | 16-18 | 19-21 | 22-24 | 25-27 || total
-------------------------+-------+-------+-------+-------+-------+-------+-------+-------+-------++-------
Melee: Unarmed           |     1 |       |       |     2 |     3 |     9 |    14 |    16 |    47 ||    92
       Bite              |       |       |       |       |     1 |       |       |       |       ||     1
  Use: Potion            |       |       |       |       |       |       |       |       |     2 ||     2
Armor: Skin              |       |       |       |       |       |       |       |     1 |     2 ||     3
Dodge: Dodged            |       |       |       |       |     1 |       |     3 |    10 |    25 ||    39
